 Dungeon Crawl Stone Soup version 0.31-a0-1499-ge0622b2318 (webtiles) character file.

Game seed: 4203364580999467258

140625 croobank the Spry (level 16, -3/139 HPs)
             Began as a Felid Summoner on Dec 29, 2023.
             Was an Initiate of Gozag.
             Slain by a black mamba (10 damage)
             ... on level 3 of the Snake Pit.
             The game lasted 03:34:16 (56694 turns).

croobank the Spry (Felid Summoner)                 Turns: 56694, Time: 03:34:16

Health: -3/139     AC: 28    Str:  4    XL:     16   Next: 76%
Magic:  8/34       EV:  4    Int: 25    God:    Gozag
Gold:   310        SH:  0    Dex: 19    Spells: 15/41 levels left
                                        Lives:  0   Deaths: 5

rFire   + . .        (weapon unavailable)
rCold   x . .        (shield unavailable)
rNeg    . . .        (body armour unavailable)
rPois   +            (helmet unavailable)
rElec   .            (cloak unavailable)
rCorr   .            (gloves unavailable)
SInv    +            (boots unavailable)
Will    ++...        g - amulet of reflection
Stlth   +            m - ring of poison resistance
HPRegen 0.43/turn    G - ring of fire
MPRegen 0.24/turn

%: reflection
@: confused, mighty, tree-form, ambrosia-drunk
A: stationary, stasis, torment immunity, boosted hp, very small, (claws 1),
(fangs 3), see invisible, (shaggy fur 3), (stealthy paws), no weapons or thrown
items, no armour, multi-lived
a: Renounce Religion, Potion Petition, Call Merchant, Bribe Branch


You were on level 3 of the Snake Pit.
You worshipped Gozag.
Gozag was aware of your devotion.
You were a tree.
You visited 5 branches of the dungeon, and saw 26 of its levels.
You also visited: Ice Cave.

You collected 9037 gold pieces.
You spent 1257 gold pieces at shops.
You paid 7470 gold pieces to Gozag.

Inventory:

Jewellery
 b - a ring of flight
 g - an amulet of reflection (around neck)
 m - a ring of poison resistance (left branch)
 u - an amulet of guardian spirit
 w - a ring of willpower
 C - a ring of ice
 E - a ring of wizardry
 G - a ring of fire (right branch)
 I - a ring of protection from fire
Talismans
 c - a maw talisman
 n - a talisman of death
Wands
 a - a wand of iceblast (20)
 o - a wand of flame (37)
 D - a wand of digging (5)
Scrolls
 h - a scroll of revelation
 r - 11 scrolls of identify
 y - 2 scrolls of silence
 z - a scroll of amnesia
 F - 3 scrolls of poison
Potions
 d - a potion of berserk rage
 f - a potion of lignification
 i - a potion of attraction
 k - 5 potions of mutation
 t - 2 potions of enlightenment
 A - 7 potions of ambrosia


   Skills:
 + Level 14.4 Fighting
 + Level 18.9 Dodging
 - Level 4.4 Stealth
 + Level 13.0 Spellcasting
 - Level 14.0 Hexes
 - Level 11.8 Summonings
 - Level 5.0 Fire Magic
 - Level 7.0 Air Magic
 - Level 5.9 Shapeshifting


You had 15 spell levels left.
You knew the following spells:

 Your Spells              Type           Power      Damage    Failure   Level
a - Summon Small Mammal   Summ           100%       N/A       1%          1
b - Call Imp              Summ           100%       N/A       1%          2
c - Call Canine Familiar  Summ           66%        N/A       1%          3
d - Summon Blazeheart Go  Fire/Summ      73%        N/A       1%          4
e - Summon Lightning Spi  Summ/Air       59%        N/A       1%          4
E - Enfeeble              Hex            36%        N/A       10%         7
Y - Yara's Violent Unrav  Hex/Alch       25%        3d11      5%          5

Your spell library contained the following spells:

 Spells                   Type           Power      Damage    Failure   Level
 Shock                    Conj/Air       100%       1d9       1%          1
 Jinxbite                 Hex            100%       N/A       1%          2
 Swiftness                Air            50%        N/A       1%          3
 Tukima's Dance           Hex            72%        N/A       1%          3
 Anguish                  Hex/Necr       25%        N/A       1%          4
 Cause Fear               Hex            36%        N/A       1%          4
 Silence                  Hex/Air        31%        N/A       1%          5
 Apportation              Tloc           32%        N/A       3%          1
 Necrotise                Necr           64%        1d7       3%          1
 Sting                    Conj/Alch      64%        1d7       3%          1
 Sublimation of Blood     Necr           16%        N/A       5%          2
 Passage of Golubria      Tloc           16%        N/A       34%         4
 Petrify                  Alch/Erth      16%        N/A       34%         4
 Plasma Beam              Fire/Air       31%        2x1d44    43%         6
 Irradiate                Conj/Alch      8%         3d14      69%         5
 Lehudib's Crystal Spear  Conj/Erth      8%         10d3      100%        8
 Chain Lightning          Conj/Air       16%        3d22      100%        9


Dungeon Overview and Level Annotations

Branches:
Dungeon (15/15)            Temple (1/1) D:7            Lair (5/5) D:8
  Swamp (0/4) Lair:2        Snake (3/4) Lair:3        Slime (0/5) Lair:4
    Orc (2/2) D:9             Elf (0/3) Orc:2        Vaults (0/5) D:14
 Depths (0/4) D:15          IceCv (visited)

Altars:
Ashenzari
Cheibriados
Dithmenos
Elyvilon
Fedhas
Gozag
Hepliaklqana
Kikubaaqudgha
Makhleb
Nemelex Xobeh
Okawaru
Qazlal
Ru
Sif Muna
Trog
Uskayaw
Vehumet
Wu Jian
Xom
Yredelemnul
Zin
The Shining One

Shops:
D:8 *   D:11 ?   D:12 !   Orc:2 (![?   Lair:5 :**   Snake:2 **   Snake:3 =

Annotations:
D:15 Roxanne


Innate Abilities, Weirdness & Mutations

You are a tree.
Your roots penetrate the ground, keeping you stationary.
You cannot be teleported.
You are immune to unholy pain and torment.
Your maximum health is greatly increased.
((You have sharp claws.))
((You have razor-sharp teeth.))
You have supernaturally acute eyesight. (SInv)
((Your thick and shaggy fur keeps you warm. (AC +3, rC+)))
((Your paws help you pounce on unaware monsters.))
You are incapable of wielding weapons or throwing items.
You cannot wear armour.
You gain extra lives every three experience levels.


Message History

The black mamba closely misses you. The black mamba misses you.
You scratch the black mamba.
The black mamba is severely wounded.
The black mamba completely misses you.
You scratch the black mamba but do no damage.
The black mamba is severely wounded.
The black mamba misses you. The black mamba bites you!
The naga sharpshooter unwields a +0 halberd.
The naga sharpshooter wields a +0 arbalest.
The naga sharpshooter casts a spell.
The naga sharpshooter magically shoots a bolt.
The bolt hits you!!
* * * LOW HITPOINT WARNING * * *
Okay, then.
You turn into a tree.
Your roots penetrate the ground.
The black mamba bites you but does no damage.
The black mamba barely misses you.
Okay, then.
Casting: Yara's Violent Unravelling (dangerous; 5% risk of failure)
Confirm with . or Enter, or press ? or * to list all spells.
Okay, then.
Casting: Yara's Violent Unravelling (dangerous; 5% risk of failure)
Confirm with . or Enter, or press ? or * to list all spells.
A tiny devil pulls itself out of the air.
The black mamba no longer looks unusually toxic.
The black mamba bites you!
* * * LOW HITPOINT WARNING * * *
The black mamba bites you but does no damage.
Okay, then.
You are confused.
You feel invigorated.
The black mamba bites you but does no damage.
The naga sharpshooter gestures wildly while chanting.
The naga sharpshooter magically shoots an arrow.
The arrow hits you.
* * * LOW HITPOINT WARNING * * *
Your cerulean imp hits the black mamba from afar with a +1 spear.
The black mamba bites you!
You die...
Your body crumbles into a pile of gold.

# #.[.........#
#..). ##
#...........# #$)#
.#
##..........#####.$#
.#
###........).N∩...##
.#
###.......N...$$N#
##
##....N.######..N..
# #..##N## ##N... #
#.##S## ..... #
#.#♣## .... ##5##
... #.# ##. #.# #.#
##


You could see 3 naga sharpshooters, a black mamba (ally target), a naga mage
(misshapen) and a friendly cerulean imp (summoned).

Vanquished Creatures
  Vashnia (Snake:3)
  Jorgrun (D:11)
  A frost giant (D:15)
  Azrael (D:12)
  A hydra (Lair:5)
  Fannar (Lair:2)
  2 boulder beetles
  2 anacondas
  2 death yaks (Lair:5)
  2 tengu warriors (D:15)
  A naga warrior (Snake:2)
  An orc high priest (Orc:2)
  6 naga sharpshooters
  2 skysharks (Lair:5)
  2 skeletal warriors
  A deep elf pyromancer (D:14)
  5 mana vipers
  A manticore (D:14)
  A cyclops (D:14)
  2 ugly things
  3 salamanders
  4 elephants
  A kobold blastminer (Orc:2)
  6 black mambas
  3 naga magi
  A gargoyle (D:11)
  Maggie (D:8)
  A cane toad (Lair:2)
  4 komodo dragons
  2 freezing wraiths
  2 ice devils (IceCv)
  A polar bear (Lair:3)
  A blink frog (Lair:2)
  A dream sheep (Lair:4)
  A slime creature (Lair:4)
  22 yaks
  A wyvern (Lair:3)
  A warg (Orc:2)
  2 wraiths (D:15)
  A vampire mosquito (D:11)
  3 death yak simulacra (IceCv)
  A harpy simulacrum (IceCv)
  7 nagas
  3 water moccasins
  8 orc warriors (Orc:2)
  An ogre (D:9)
  A wolf (Lair:2)
  A centaur (D:15)
  A bullfrog (D:9)
  A wight (D:9)
  9 killer bees
  6 electric eels
  2 orc priests
  A wolf simulacrum (IceCv)
  A gnoll (D:6)
  An adder (D:6)
  An ufetubus (D:6)
  9 orcs
  A goblin (D:2)
  A jackal (D:1)
  A bat (D:2)
  A frilled lizard (D:3)
156 creatures vanquished.

Vanquished Creatures (collateral kills)
  Rupert (Lair:5)
  A nagaraja (Snake:1)
  An orc warlord (Orc:2)
  An ironbound preserver (D:14)
  Snorg (D:12)
  Josephine (D:11)
  2 hydras (Lair:5)
  A catoblepas (Lair:5)
  A death knight (D:15)
  3 boulder beetles
  2 centaur warriors
  5 anacondas
  A two-headed ogre (Orc:2)
  5 naga warriors
  A tengu warrior (D:13)
  4 orc high priests (Orc:2)
  A deep troll shaman (Lair:5)
  5 shock serpents
  Urug (D:13)
  6 death yaks
  4 naga sharpshooters
  3 skysharks
  3 skeletal warriors
  3 deep elf pyromancers
  A lindwurm (Lair:5)
  5 orc knights
  A phantasmal warrior (D:15)
  Pikel (D:9)
  4 ugly things
  A necromancer (IceCv)
  3 mana vipers (Snake:1)
  3 salamanders
  4 manticores (D:15)
  9 orc sorcerers
  3 cyclopes
  7 naga magi
  5 kobold blastminers
  9 elephants
  6 slime creatures
  13 black mambas
  A guardian serpent (Snake:2)
  9 komodo dragons
  2 kobold demonologists
  4 cane toads
  2 efreet
  A rime drake (Lair:5)
  Psyche (D:9)
  A yaktaur (D:14)
  A queen bee (Lair:2)
  4 polar bears
  9 ice devils (IceCv)
  9 trolls
  A nameless horror (D:4)
  16 blink frogs
  10 dream sheep
  2 shadows (D:12)
  A spriggan (shapeshifter) (D:10)
  32 yaks
  6 wraiths
  2 wyverns
  2 fire elementals
  2 basilisks
  5 wargs
  A steam dragon (D:7)
  A vampire mosquito (D:11)
  2 death yak simulacra (IceCv)
  4 acid dragons
  23 nagas
  2 hell hounds (D:12)
  5 harpy simulacra (IceCv)
  15 water moccasins
  A hydra simulacrum (IceCv)
  35 orc warriors
  An ice beast (D:6)
  7 black bears
  19 ogres
  3 centaurs
  17 wolves
  2 lemures (D:9)
  2 phantoms
  5 kobold brigands
  5 bullfrogs
  2 gnoll sergeants (D:9)
  4 scorpions
  7 cane toad simulacra (IceCv)
  12 wights
  41 killer bees
  A howler monkey (D:14)
  5 hounds
  4 jellies
  2 gnoll boudas
  46 orc priests
  5 iguanas
  27 orc wizards
  2 sleepcaps
  2 polar bear simulacra (IceCv)
  A spriggan simulacrum (IceCv)
  Terence (D:3)
  5 wolf simulacra (IceCv)
  A boggart simulacrum (D:15)
  11 gnolls
  3 adders
  2 naga simulacra (IceCv)
  2 shadow imps (D:6)
  2 white imps (IceCv)
  2 ufetubi
  2 ribbon worms
  A dart slug (D:12)
  120 orcs
  6 bats
  8 endoplasms
  A giant cockroach (D:2)
  5 goblins
  6 hobgoblins
  3 jackals
  19 kobolds
  4 quokkas
  3 ball pythons
  4 frilled lizards
  8 rats
785 creatures vanquished.

Vanquished Creatures (others)
  A centaur warrior (D:15)
  A tengu conjurer (D:13)
  A basilisk (Lair:4)
  A golden eye (shapeshifter) (D:14)
  A centaur (D:15)
  An orc wizard (D:12)
  An orc (Orc:1)
  96 blazeheart cores
103 creatures vanquished.

Grand Total: 1044 creatures vanquished

Notes
Turn   | Place    | Note
-------+----------+-------------------------------------------
     0 | D:1      | croobank the Felid Summoner began the quest for the Orb.
     0 | D:1      | Reached XP level 1. HP: 9/9 MP: 4/4
   398 | D:1      | Reached skill level 3 in Dodging
   398 | D:1      | Reached XP level 2. HP: 13/13 MP: 4/6
   401 | D:1      | Learned a level 2 spell: Call Imp
  1291 | D:2      | Reached XP level 3. HP: 16/16 MP: 2/7
  1569 | D:2      | Got Oprull's Compilation of the Wind
  1702 | D:2      | Learned a level 3 spell: Call Canine Familiar
  2647 | D:3      | Noticed Terence
  2660 | D:3      | Killed Terence
  2661 | D:3      | Reached XP level 4. HP: 11/21 MP: 4/9
  2661 | D:3      | Gained a life (2 lives remaining)
  2714 | D:3      | Found a radiant altar of Vehumet.
  3583 | D:3      | Reached skill level 4 in Dodging
  3608 | D:3      | Killed from afar by an orc priest
  3608 | D:3      | Lost a life (1 life remaining)
  3640 | D:3      | Reached XP level 5. HP: 14/24 MP: 8/10
  3645 | D:3      | Learned a level 4 spell: Summon Blazeheart Golem
  3966 | D:4      | Found a transporter.
  4223 | D:4      | Reached skill level 1 in Fighting
  4223 | D:4      | Reached skill level 1 in Fire Magic
  4223 | D:4      | Gained mutation: You are covered in thick fur. (AC +2)
                  | [Felid growth]
  4223 | D:4      | Reached XP level 6. HP: 30/30 MP: 4/11
  4355 | D:4      | Reached skill level 5 in Summonings
  4496 | D:4      | Found a transporter.
  4640 | D:4      | Noticed a nameless horror
  4646 | D:4      | Killed a nameless horror
  4659 | D:4      | Reached skill level 5 in Dodging
  4899 | D:4      | Reached XP level 7. HP: 35/35 MP: 6/13
  4899 | D:4      | Gained a life (2 lives remaining)
  4961 | D:4      | Found a broken altar of Ashenzari.
  5142 | D:5      | Entered Level 5 of the Dungeon
  5366 | D:5      | Learned a level 4 spell: Summon Lightning Spire
  6177 | D:4      | Reached skill level 1 in Air Magic
  6305 | D:4      | Reached skill level 6 in Dodging
  6356 | D:4      | Reached XP level 8. HP: 27/40 MP: 8/15
  6737 | D:5      | Found a burning altar of Makhleb.
  7135 | D:5      | Found a sparkling altar of Nemelex Xobeh.
  7971 | D:6      | Reached skill level 7 in Dodging
  7971 | D:6      | Reached skill level 5 in Spellcasting
  8104 | D:6      | Reached XP level 9. HP: 27/45 MP: 10/17
  9390 | D:6      | Reached skill level 8 in Dodging
  9676 | D:7      | Reached skill level 5 in Fighting
  9843 | D:7      | Found a staircase to the Ecumenical Temple.
  9854 | Temple   | Entered the Ecumenical Temple
  9872 | Temple   | Became a worshipper of Gozag Ym Sagoz the Greedy
 10336 | D:7      | Found an ancient bone altar of Kikubaaqudgha.
 10591 | D:8      | Found Zostiapy's Gadget Gallery.
 11121 | D:8      | Noticed an elephant
 11125 | D:8      | Reached XP level 10. HP: 51/51 MP: 12/20
 11125 | D:8      | Found a staircase to the Lair.
 11131 | D:8      | Killed an elephant
 11132 | D:8      | Reached skill level 5 in Fire Magic
 11326 | D:8      | Reached skill level 9 in Dodging
 11333 | D:8      | Found an ornate altar of the Wu Jian Council.
 11579 | D:8      | Noticed Maggie
 11609 | D:8      | Killed Maggie
 11610 | D:8      | Reached skill level 5 in Air Magic
 11846 | D:8      | Noticed a purple ugly thing
 11851 | D:8      | Found a shadowy altar of Dithmenos.
 11854 | D:8      | Killed a purple ugly thing
 12330 | D:9      | Noticed Psyche
 12372 | D:9      | Paralysed by Psyche for 5 turns
 12409 | D:9      | Killed Psyche
 12410 | D:9      | Reached skill level 10 in Dodging
 12602 | D:9      | Found a staircase to the Orcish Mines.
 12603 | D:9      | Identified a scroll of acquirement
 12603 | D:9      | Acquired an amulet of reflection
 12758 | D:9      | Noticed Pikel
 12798 | D:9      | Killed Pikel
 12799 | D:9      | Reached XP level 11. HP: 58/58 MP: 5/22
 14139 | D:9      | Found a stormy altar of Qazlal.
 14194 | D:9      | Found a glowing golden altar of the Shining One.
 14253 | D:10     | Entered Level 10 of the Dungeon
 14869 | D:10     | Reached skill level 1 in Shapeshifting
 15391 | D:11     | Noticed an eight-headed hydra
 15979 | D:11     | Reached skill level 11 in Dodging
 16306 | D:11     | Noticed Josephine
 16320 | D:11     | Killed Josephine
 16922 | D:12     | Noticed a green ugly thing
 16945 | D:12     | Killed a green ugly thing
 17009 | D:12     | Noticed Jorgrun
 17099 | Lair:1   | Entered Level 1 of the Lair of Beasts
 17272 | Lair:1   | Gained mutation: Your thick and shaggy fur keeps you warm.
                  | (AC +3, rC+) [Felid growth]
 17272 | Lair:1   | Reached XP level 12. HP: 65/65 MP: 14/25
 17572 | Lair:1   | Upgraded the game from 0.31-a0-1469-gd420192249 to
                  | 0.31-a0-1499-ge0622b2318
 18282 | Lair:2   | Found a staircase to the Swamp.
 18380 | Lair:2   | Reached skill level 12 in Dodging
 18393 | Lair:2   | Reached skill level 10 in Summonings
 18505 | Lair:2   | Found a frozen archway.
 18519 | IceCv    | Entered an ice cave
 19100 | IceCv    | Found an ancient bone altar of Kikubaaqudgha.
 19719 | IceCv    | Reached skill level 13 in Dodging
 19978 | IceCv    | Reached XP level 13. HP: 71/71 MP: 18/27
 20694 | Lair:2   | Noticed Fannar
 21229 | Lair:2   | Reached skill level 10 in Fighting
 21564 | Lair:2   | Killed Fannar
 22009 | Lair:2   | Reached skill level 10 in Spellcasting
 22803 | Lair:3   | Reached skill level 14 in Dodging
 22892 | Lair:3   | Found a staircase to the Snake Pit.
 23674 | Lair:4   | HP: 1/72 [wolf (5)]
 23675 | Lair:4   | Slain by a yak
 23675 | Lair:4   | Lost a life (1 life remaining)
 23728 | Lair:4   | HP: 2/72 [wolf (11)]
 24721 | Lair:4   | You fall into a shaft and drop 1 floor!
 24721 | Lair:5   | Entered Level 5 of the Lair of Beasts
 24721 | Lair:5   | Noticed Rupert
 24745 | Lair:5   | Killed Rupert
 25235 | Lair:4   | Reached XP level 14. HP: 79/79 MP: 19/29
 25235 | Lair:4   | Gained a life (2 lives remaining)
 25263 | Lair:4   | Reached skill level 15 in Dodging
 25368 | Lair:4   | Found a staircase to the Slime Pits.
 25668 | Lair:5   | Bought a wand of charming (2) for 62 gold pieces
 25668 | Lair:5   | Bought a wand of light (4) for 218 gold pieces
 25671 | Lair:5   | Bought a scroll of poison for 52 gold pieces
 25826 | Lair:5   | Reached skill level 1 in Hexes
 25840 | Lair:5   | Reached skill level 5 in Shapeshifting
 27272 | Lair:5   | Reached skill level 5 in Hexes
 28288 | Lair:5   | Learned a level 7 spell: Enfeeble
 28830 | Orc:1    | Entered Level 1 of the Orcish Mines
 31370 | Orc:2    | Entered Level 2 of the Orcish Mines
 34195 | Orc:2    | Noticed an orc warlord
 34238 | Orc:2    | Reached XP level 15. HP: 84/84 MP: 24/31
 34247 | Orc:2    | Reached skill level 16 in Dodging
 34757 | Orc:2    | Found Cutayloy's Armour Emporium.
 35147 | Orc:2    | Found Ipuxis's Magic Scroll Boutique.
 35155 | Orc:2    | Bought a scroll of revelation for 82 gold pieces
 35155 | Orc:2    | Bought a scroll of summoning for 104 gold pieces
 35155 | Orc:2    | Bought a scroll of identify for 22 gold pieces
 35155 | Orc:2    | Bought a scroll of identify for 22 gold pieces
 35155 | Orc:2    | Bought a scroll of teleportation for 33 gold pieces
 35155 | Orc:2    | Bought a scroll of immolation for 44 gold pieces
 35697 | Orc:2    | Found a staircase to the Elven Halls.
 36075 | Orc:2    | Slain by an orc knight
 36075 | Orc:2    | Lost a life (1 life remaining)
 36139 | Orc:2    | Reached skill level 10 in Hexes
 36312 | Orc:2    | Found Uriqaw's Antique Weapon Boutique.
 36322 | Orc:2    | Found Ohet's Distillery.
 36328 | Orc:2    | Bought a potion of curing for 48 gold pieces
 36328 | Orc:2    | Bought a potion of enlightenment for 80 gold pieces
 36328 | Orc:2    | Bought a potion of lignification for 48 gold pieces
 37569 | D:11     | Killed Jorgrun
 38234 | D:12     | Noticed Azrael
 39474 | D:11     | Bought a scroll of fog for 52 gold pieces
 39474 | D:11     | Bought a scroll of teleportation for 39 gold pieces
 39486 | D:12     | Killed Azrael
 39985 | D:12     | Learned a level 5 spell: Yara's Violent Unravelling
 39999 | D:12     | Found Etoont's Distillery.
 40168 | D:12     | Bought a potion of heal wounds for 65 gold pieces
 40168 | D:12     | Bought a potion of brilliance for 52 gold pieces
 40168 | D:12     | Bought a potion of haste for 130 gold pieces
 40168 | D:12     | Bought a potion of magic for 104 gold pieces
 40178 | D:12     | You fall into a shaft and drop 3 floors!
 40178 | D:15     | Entered Level 15 of the Dungeon
 40890 | D:12     | Found a snail-covered altar of Cheibriados.
 40994 | D:12     | Noticed Snorg
 41004 | D:12     | Killed Snorg
 41400 | D:13     | Reached skill level 17 in Dodging
 41658 | D:13     | Noticed Urug
 41675 | D:13     | Killed Urug
 42806 | D:14     | Found a gate to the Vaults.
 43764 | D:15     | Found the +7 great mace "Undeadhunter" {deathbane, rN+}
 44251 | D:15     | Noticed Roxanne
 44284 | D:15     | Killed from afar by Roxanne
 44284 | D:15     | Lost a life (0 lives remaining)
 44317 | D:15     | Noticed a frost giant
 44319 | D:15     | Found a staircase to the Depths.
 44341 | D:15     | Killed a frost giant
 45933 | Snake:1  | Entered Level 1 of the Snake Pit
 46543 | Snake:1  | Reached XP level 16. HP: 53/91 MP: 6/33
 46543 | Snake:1  | Gained a life (1 life remaining)
 51684 | Snake:2  | Reached skill level 18 in Dodging
 51788 | Snake:2  | Mangled by an anaconda
 51788 | Snake:2  | Lost a life (0 lives remaining)
 52736 | Snake:2  | Found Lvugrang's Luxury Loot.
 52744 | Snake:2  | Found Oset's Overcharged Wands.
 56150 | Snake:3  | Noticed Vashnia
 56172 | Snake:3  | Killed Vashnia
 56693 | Snake:3  | HP: 5/139 [black mamba (11)]
 56694 | Snake:3  | Slain by a black mamba

Illustrated notes

Levels and vault maps discovered:
D:1:      heliophobic_arrival_enchanted_forest, layout_loops_ring
D:2:      layout_basic
D:3:      layout_basic, mainiacjoe_overflow_small_starburst, minivault_27,
          st_stairs_12, uniq_terence
D:4:      gammafunk_steamed_eel, layout_loops_cross, marbit_many_paths
D:5:      layout_cave_pools, bloody_makhleb, nemelex_dance_club_becter,
          st_stairs_2
D:6:      layout_loops_ring, serial_bayou_lake_a
D:7:      layout_gridville, nicolae_kikubaaqudgha_miasma_corner,
          minmay_temple_entry_glassed_door
D:8:      layout_rooms, grunt_dithmenos_smoke,
          mainiacjoe_overflow_concentric_impassable, david_lair_generic,
          serial_co_window_serial, co_window_paths_a, co_window_paths_a,
          co_window_paths_a, co_window_paths_a, co_window_corner_a,
          co_window_2corner, co_window_corner_b, co_window_of_opportunity_b,
          co_window_paths_e, glass_columns_c, chequers_avenue,
          nicolae_shop_gadgets, uniq_maggie
D:9:      layout_loops_ring, tso_oasis_becter, nicolae_qazlal_general_emergency,
          kennysheep_orc_monster_closet_entryway, minivault_23, uniq_pikel,
          uniq_psyche
D:10:     wad_pebble_path, layout_loops_ring, minmay_chambers_of_fives
D:11:     layout_loops_ring, grunt_ministairs_1, uniq_josephine
D:12:     layout_cave_pools, serial_shops, shop, nrook_loot_triangle,
          kennysheep_slug_shrine, uniq_jorgrun, uniq_snorg, uniq_azrael
D:13:     layout_long_grid, uniq_urug
D:14:     layout_cave_pools, skrybe_vaults_entry_preservation
D:15:     grunt_enter_depths_snipers, layout_long_grid, minivault_23,
          grunt_ministairs_7, hangedman_decor_points, st_stairs_4,
          minmay_misc_feat_plants, uniq_roxanne
Temple:   nicolae_temple_ecumenical_triangle
Lair:1:   layout_cave_pods
Lair:2:   layout_roguey [special_room_bee], swamp_mist,
          portal_ice_cave_entry_pillars_2, serial_bayou_shore_a, uniq_fannar
Lair:3:   layout_regular_city, minmay_snake_entry_guardpost_medium
Lair:4:   layout_small_grid, minmay_slime_entry_pillars, gauntlet_entry_generic
Lair:5:   grunt_lair_end_beastmaster, layout_cave_pods,
          infiniplex_staircase_pool_2, uniq_rupert
Snake:1:  layout_misc_corridors, statue_in_the_mist_lemuel, grunt_ministairs_2,
          grunt_megastairs_1
Snake:2:  layout_honeycomb, drop_trap, nicolae_alphabet_shops,
          nicolae_shop_overcharged_wands
Snake:3:  layout_cave_pods, uniq_agnes, uniq_aizul, uniq_vashnia, uniq_asterion
Orc:1:    layout_caves, mines4_lemuel
Orc:2:    pubby_orc_utopia

Skill      XL: |  1  2  3  4  5  6  7  8  9 10 11 12 13 14 15 16 |
---------------+-------------------------------------------------+-----
Stealth        | 3 4 |  4.4
Dodging        | 3 4 5 6 7 8 10 11 13 14 15 17 18 | 18.9
Spellcasting   | 3 4 5 6 7 8 9 10 11 12 13 | 13.0
Fighting       | 1 2 3 4 5 7 8 9 11 12 13 14 | 14.4
Fire Magic     | 1 2 3 4 5 |  5.0
Summonings     | 5 6 7 8 9 10 11 | 11.8
Air Magic      | 1 2 4 5 6 7 |  7.0
Shapeshifting  | 2 3 4 5 |  5.9
Hexes          | 8 13 14 | 14.0

Action                     |  1- 3 |  4- 6 |  7- 9 | 10-12 | 13-15 | 16-18 || total
---------------------------+-------+-------+-------+-------+-------+-------++-------
  Melee: Unarmed           |     9 |    10 |     7 |    26 |   265 |   104 ||   421
         Bite              |     1 |     1 |       |     3 |    41 |    18 ||    64
         Punch             |       |       |       |       |     8 |     2 ||    10
   Cast: Summon Small Mamm |    51 |    28 |    40 |    31 |    80 |    18 ||   248
         Call Imp          |    24 |    13 |    25 |    41 |    66 |    15 ||   184
         Call Canine Famil |     6 |    15 |    32 |    43 |    89 |    28 ||   213
         Summon Blazeheart |       |     2 |     8 |    56 |   135 |    16 ||   217
         Summon Lightning  |       |       |    33 |    91 |   224 |    53 ||   401
         Enfeeble          |       |       |       |       |    68 |   101 ||   169
         Yara's Violent Un |       |       |       |       |       |    23 ||    23
 Invoke: Potion Petition   |       |       |       |       |     6 |     3 ||     9
         Call Merchant     |       |       |       |       |     4 |     1 ||     5
  Evoke: Wand              |       |       |    11 |     2 |    30 |    15 ||    58
    Use: Potion            |       |     1 |     1 |     2 |    12 |    15 ||    31
         Scroll            |       |       |    10 |     7 |    21 |     8 ||    46
   Stab: Distracted        |     1 |       |       |       |    10 |     3 ||    14
         Sleeping          |     2 |       |       |     1 |     1 |       ||     4
         Petrified         |       |       |       |       |     2 |       ||     2
         Invisible         |       |       |       |       |    19 |    11 ||    30
 Armour: Skin              |    23 |    10 |    29 |    44 |   306 |   102 ||   514
  Dodge: Dodged            |    27 |    27 |    85 |   137 |   742 |   315 ||  1333
  Block: Other             |       |       |       |    19 |   169 |    49 ||   237
         Reflection        |       |       |       |     2 |    13 |     9 ||    24

Table legend: (Time is in decaauts)
 A = Elapsed time spent in this place.
 B = Non-inter-level travel time spent in this place.
 C = Inter-level travel time spent in this place.
 D = Time resting spent in this place.
 E = Time spent auto-exploring this place.
 F = Levels seen in this place.
 G = Mean time per level.
                   A        B        C        D        E       F      G
               +--------+--------+--------+--------+--------+-----+--------+
         Total |  56828 |  55100 |   1728 |  27444 |  16129 |  27 | 2104.7 |
       Dungeon |  27034 |  25905 |   1129 |  10822 |  10207 |  15 | 1802.3 |
        Temple |     35 |      2 |     33 |      0 |      0 |   1 |   35.0 |
          Lair |  11203 |  10857 |    346 |   5394 |   2956 |   5 | 2240.6 |
     Snake Pit |   9576 |   9446 |    130 |   6317 |   1556 |   3 | 3192.0 |
  Orcish Mines |   7244 |   7155 |     89 |   3946 |   1307 |   2 | 3622.0 |
      Ice Cave |   1734 |   1734 |      0 |    965 |    103 |   1 | 1734.0 |
               +--------+--------+--------+--------+--------+-----+--------+

Top non-repeatable levels by time:
   Orc:2: 5096 daAuts
 Snake:1: 5089 daAuts
 Snake:2: 3518 daAuts
     D:9: 3458 daAuts
  Lair:5: 3073 daAuts
    D:11: 3054 daAuts
  Lair:3: 2663 daAuts
     D:4: 2514 daAuts
    D:15: 2452 daAuts
   Orc:1: 2147 daAuts
     D:6: 2071 daAuts
  Lair:4: 2065 daAuts
  Lair:2: 1939 daAuts
     D:8: 1781 daAuts
   IceCv: 1734 daAuts
